 Dungeon Crawl Stone Soup version 0.18.1-1-g2f07953 (webtiles) character file.

114 Ravarcil the Slasher (level 5, -8/41 HPs)
             Began as a Formicid Fighter on May 7, 2016.
             Killed by divine providence
             ... invoked by an orc priest
              (10 damage)
             ... on level 3 of the Dungeon.
             The game lasted 00:07:07 (2101 turns).

Ravarcil the Slasher (Formicid Fighter)             Turns: 2101, Time: 00:07:08

Health: -8/41      AC:  8    Str: 21    XL:     5   Next: 18%
Magic:  5/5        EV:  8    Int:  8    God:
Gold:   118        SH:  9    Dex: 10    Spells: 0 memorised, 4 levels left

rFire  . . .     SeeInvis +     a - +0 long sword
rCold  + . .     Gourm    .     b - +0 scale mail
rNeg   . . .     Faith    .     c - +0 shield
rPois  .         Spirit   .     (helmet unavailable)
rElec  .         Dismiss  .     n - +0 cloak
rCorr  .         Reflect  .     (no gloves)
SustAt .         Harm     .     (no boots)
MR     .....                    o - amulet of inaccuracy (curse)
Stlth  ..........               l - ring of protection from cold
                                h - +1 ring of evasion

@: not resistant to hostile enchantments, extremely unstealthy
A: permanent stasis, dig shafts and tunnels, four strong arms, antennae 3
a: Dig, Shaft Self


You were on level 3 of the Dungeon.
You were very hungry.

You visited 1 branch of the dungeon, and saw 3 of its levels.

You collected 118 gold pieces.

Inventory:

Hand Weapons
 a - a +0 long sword (weapon)
Armour
 b - a +0 scale mail (worn)
 c - a +0 shield (worn)
 n - a +0 cloak (worn)
Jewellery
 h - a +1 ring of evasion (left hand)
 l - a ring of protection from cold (right hand)
 o - a cursed amulet of inaccuracy (around neck)
Wands
 q - a wand of random effects (11/48)
Scrolls
 m - a scroll of identify
Potions
 d - a potion of might
 e - 2 potions of brilliance {unknown}
 j - a potion of flight
 k - a potion of haste {unknown}
 p - 2 potions of degeneration {unknown}
 r - 2 potions of curing {unknown}
Comestibles
 f - 3 bread rations
 g - a meat ration
 i - 2 slices of pizza


   Skills:
 - Level 3.2 Fighting
 * Level 5.0 Long Blades
 - Level 3.2 Armour
 - Level 3.6 Shields


You had 4 spell levels left.
You didn't know any spells.

Dungeon Overview and Level Annotations

Branches:
Dungeon (3/15)

Altars:
Ashenzari
Xom


Innate Abilities, Weirdness & Mutations

You are under a permanent stasis effect.
You can dig through walls and to a lower floor.
Your four strong arms can wield two-handed weapons with a shield.
You have a pair of large antennae on your head (SInv).


Message History

You block the orc wizard's attack.
The orc wizard gestures at you while chanting.
The magic dart hits you!
* * * LOW HITPOINT WARNING * * *
The orc wizard mumbles some strange words.
The orc wizard seems to speed up.
An orc priest comes into view. It is wielding a club.
The orc priest shouts! 2 orcs come into view.
The orc shouts! x2
The orc priest invokes the aid of Beogh against you.
Pain shoots through your body!
* * * LOW HITPOINT WARNING * * *
The orc throws a tomahawk.
The tomahawk closely misses you.
You see here a tomahawk.
The orc throws a tomahawk.
You block the tomahawk.
You see here a tomahawk.
The orc priest calls down the wrath of Beogh upon you.
Beogh smites you!
You die...

#.##............
#.##.#..#.####...#
#.##.#.......#...#
#.##.#.##+##.#...#
#....#.# #o..#
#......# ..o#
#...#### #.o# .
#.o.# #..###...#
###.# ### ##
#.@....# #.).# ..
.. #o####...#
#.#o####. .####(#
.
#.#(.o.#.#.#....#
#.##.#.#...#{####
{
#.##.#o##'##....#
#.##.#......o##.#
#.##.#...#..###.#
#$##.#...#.## #.#


You could see an orc priest, an orc wizard and 2 orcs.

Vanquished Creatures
  An orc priest (D:3)
  An orc wizard (D:3)
  3 worms (D:2)
  3 dart slugs
  A giant gecko (D:1)
  4 orcs (D:3)
  4 bats
  2 giant cockroaches
  5 goblins (D:1)
  7 hobgoblins
  7 jackals
  6 giant newts
  5 kobolds
  6 rats
55 creatures vanquished.

Notes
Turn   | Place    | Note
--------------------------------------------------------------
     0 | D:1      | Ravarcil the Formicid Fighter began the quest for the Orb.
     0 | D:1      | Reached XP level 1. HP: 18/18 MP: 1/1
   152 | D:1      | Reached XP level 2. HP: 12/24 MP: 2/2
   428 | D:1      | Reached skill level 3 in Long Blades
   460 | D:1      | Reached XP level 3. HP: 29/29 MP: 3/3
   975 | D:2      | Found a shattered altar of Ashenzari.
  1091 | D:2      | Reached skill level 4 in Long Blades
  1091 | D:2      | Reached XP level 4. HP: 25/35 MP: 4/4
  1530 | D:2      | Found a shimmering altar of Xom.
  1816 | D:3      | Reached XP level 5. HP: 24/41 MP: 5/5
  2065 | D:3      | Reached skill level 5 in Long Blades
  2099 | D:3      | HP: 1/41 [orc priest/nerve-wracking pain (6)]
  2101 | D:3      | Killed from afar by an orc priest

Skill      XL: |  1  2  3  4  5 |
---------------+----------------+-----
Long Blades    | 3 4 5 |  5.0
Fighting       | |  3.2
Armour         | |  3.2
Shields        | |  3.6

Action                   |  1- 3 |  4- 6 || total
-------------------------+-------+-------++-------
Melee: Long sword        |   132 |   150 ||   282
  Use: Scroll            |     5 |       ||     5
  Eat: Chunk             |     1 |     2 ||     3
Armor: Scale mail        |    74 |    76 ||   150
Dodge: Dodged            |    41 |    70 ||   111
Block: Shield            |    70 |    95 ||   165
